Map: Dusk Towers

Players

State

  • Race: Protoss Protoss

Elazer - Winner!

  • Race: Zerg Zerg
  • League: Grandmaster

Event: DreamHack ZOWIE Open Leipzig

VOD

Have the link to the VOD?

Description

Time

  • Played on: Jan. 22, 2016, 11:42 a.m.
  • Length: 8:46

All games in this series

Show
View Real Time Build Order
Export as new Build Order

State Protoss 

Build Orders: Nexus First, Dark Templar Rush 

Get SALT Encoding   

  12  0:01  Probe (Chrono Boost)  
  13  0:11  Probe (Chrono Boost)  
  14  0:18  Pylon  
  14  0:22  Probe (Chrono Boost)  
  15  0:36  Probe (Chrono Boost)  
  16  0:47  Probe (Chrono Boost)  
  17  0:57  Nexus  
  17  1:02  Probe (Chrono Boost)  
  18  1:11  Gateway  
  18  1:14  Probe (Chrono Boost)  
  19  1:18  Assimilator  
  19  1:24  Probe (Chrono Boost)  
  20  1:26  Assimilator  
  20  1:35  Probe (Chrono Boost)  
  20  1:39  Gateway  
  21  1:45  Probe (Chrono Boost)  
  22  1:56  Probe (Chrono Boost)  
  22  1:59  Cybernetics Core  
  23  2:09  Probe (Chrono Boost)  
  23  2:10  Probe (Chrono Boost)  
  25  2:18  Pylon  
  25  2:19  Probe (Chrono Boost)  
  25  2:21  Probe (Chrono Boost)  
  28  2:30  Probe (Chrono Boost)  
  28  2:31  Probe (Chrono Boost)  
  28  2:34  Stalker (Chrono Boost)  
  28  2:35  Stalker (Chrono Boost)  
  33  2:39  Warp Gate  
  33  2:41  Probe  
  33  2:43  Probe  
  35  2:53  Robotics Facility  
  35  2:54  Probe (Chrono Boost)  
  35  2:57  Probe (Chrono Boost)  
  37  3:06  Probe (Chrono Boost)  
  37  3:08  Probe (Chrono Boost)  
  39  3:13  Twilight Council  
  39  3:17  Probe (Chrono Boost)  
  39  3:19  Probe (Chrono Boost)  
  41  3:22  Pylon  
  41  3:23  Adept  
  41  3:25  Adept  
  45  3:27  Probe (Chrono Boost)  
  45  3:32  Pylon  
  46  3:38  Warp Prism (Chrono Boost)  
  46  3:39  Probe (Chrono Boost)  
  46  3:40  Probe (Chrono Boost)  
  50  3:49  Probe, Assimilator  
  50  3:51  Assimilator  
  50  3:52  Probe  
  52  3:56  Dark Shrine  
  52  3:58  Resonating Glaives (Chrono Boost)  
  52  4:01  Probe  
  53  4:05  Probe  
  54  4:12  Gateway  
  54  4:13  Gateway, Probe  
  55  4:17  Probe  
  55  4:21  Immortal  
  56  4:25  Probe  
  56  4:29  Probe  
  61  4:42  Pylon  
  58  4:46  Gateway x2  
  58  4:51  Mothership Core  
  60  4:54  Pylon  
  60  4:58  Probe  
  61  5:05  Pylon  
  61  5:09  Pylon  
  61  5:10  Probe  
  61  5:13  Dark Templar  
  61  5:14  Dark Templar x2, Adept  
  70  5:22  Nexus  
  70  5:24  Observer  
  70  5:25  Probe  
  70  5:26  Probe  
  73  5:35  Sentry  
  75  5:38  Probe  
  75  5:40  Forge  
  74  5:42  Adept x2  
  74  5:43  Adept  
  74  5:44  Immortal  
  84  6:09  Adept x4  
  92  6:14  Dark Templar  
  92  6:18  Protoss Ground Weapons Level 1 (Chrono Boost)  
  92  6:23  Immortal  
  88  6:28  Charge (Chrono Boost)  
  88  6:30  Probe x2  
  94  6:36  Probe  
  95  6:42  Probe  
  95  6:43  Probe  
  95  6:47  Probe  
  95  6:48  Zealot x3, Assimilator  
  95  6:49  Assimilator  
  92  6:54  Probe  
  92  6:55  Probe  
  92  6:57  Probe  
  92  6:59  Immortal  
  94  7:04  Gateway  
  94  7:05  Gateway  
  98  7:12  Probe  
  98  7:13  Probe  
  98  7:14  Probe  
  98  7:15  Pylon  
  101  7:21  Sentry x3, Zealot  
  109  7:25  Pylon  
  109  7:26  Pylon  
  109  7:28  Pylon  
  107  7:31  Templar Archives, Pylon  
  107  7:33  Immortal  
  107  7:34  Pylon  
  111  7:45  Zealot x4  
  111  7:54  Zealot x2  
  109  8:04  Zealot x2  
  107  8:07  Warp Prism  
  107  8:10  Zealot x2  
  107  8:11  Zealot x2  
  87  8:23  Zealot x2  
  87  8:25  Zealot x2  
  81  8:28  Probe x2  
  75  8:36  Zealot x4  
Show
View Real Time Build Order
Export as new Build Order

Elazer Zerg - Winner!

Build Orders: 3 Hatch before Pool, Roach Hydra Ravager 

Get SALT Encoding   

  12  0:00  Drone  
  13  0:13  Overlord  
  13  0:17  Drone  
  14  0:31  Drone x2  
  14  0:35  Drone  
  17  0:52  Hatchery  
  17  0:54  Drone  
  17  1:14  Hatchery  
  17  1:17  Drone  
  17  1:30  Spawning Pool  
  16  1:32  Drone  
  16  1:36  Drone  
  16  1:39  Drone  
  19  1:44  Drone  
  20  1:54  Drone  
  21  2:04  Drone  
  21  2:05  Overlord  
  22  2:15  Drone  
  23  2:17  Queen x2  
  23  2:18  Drone  
  28  2:26  Queen  
  28  2:27  Drone  
  28  2:29  Drone  
  32  2:32  Drone  
  32  2:36  Drone  
  34  2:37  Drone  
  34  2:38  Drone  
  36  2:49  Overlord  
  36  2:53  Queen  
  36  2:57  Queen  
  40  3:01  Queen  
  42  3:07  Zergling x6  
  42  3:08  Drone  
  42  3:12  Drone x2  
  48  3:13  Drone  
  48  3:15  Drone  
  50  3:21  Extractor  
  50  3:22  Overlord  
  50  3:23  Drone x2, Extractor  
  50  3:35  Overlord  
  50  3:46  Zergling x4  
  50  3:47  Drone x6  
  58  3:48  Overlord  
  58  3:54  Overlord  
  58  3:56  Drone  
  58  3:59  Drone  
  60  4:03  Drone x4  
  60  4:04  Drone x2  
  60  4:09  Drone  
  67  4:10  Overlord  
  67  4:12  Extractor  
  67  4:13  Roach Warren, Drone  
  67  4:15  Drone  
  67  4:17  Drone  
  67  4:18  Drone  
  67  4:20  Drone  
  70  4:28  Lair  
  69  4:32  Drone  
  69  4:33  Drone x4  
  69  4:35  Drone x2  
  69  4:36  Drone  
  69  4:37  Drone  
  77  4:39  Spore Crawler  
  77  4:44  Overlord, Extractor  
  76  4:49  Metabolic Boost  
  76  4:50  Drone x2  
  78  4:57  Overlord  
  78  4:58  Drone  
  79  5:00  Drone x3, Extractor  
  79  5:01  Drone  
  79  5:04  Evolution Chamber  
  79  5:06  Overlord  
  79  5:07  Roach x4  
  87  5:12  Overlord  
  87  5:13  Overlord  
  89  5:18  Drone  
  89  5:19  Extractor  
  89  5:24  Drone x3  
  89  5:25  Roach x4  
  99  5:28  Glial Reconstitution  
  99  5:31  Zerg Missile Weapons Level 1  
  99  5:32  Hydralisk Den  
  99  5:34  Overlord  
  98  5:42  Drone, Roach  
  101  5:43  Roach x4  
  101  5:48  Roach x3  
  101  5:49  Overseer  
  115  5:52  Overlord  
  115  5:53  Overlord  
  115  6:08  Hatchery, Muscular Augments  
  115  6:10  Hydralisk x3  
  117  6:19  Overseer  
  117  6:23  Overseer  
  115  6:28  Roach x5  
  115  6:30  Overlord  
  124  6:38  Drone  
  124  6:39  Drone x2  
  123  6:42  Overlord  
  123  6:49  Hydralisk x2  
  123  6:52  Hatchery  
  126  7:00  Hydralisk x4  
  134  7:02  Hydralisk  
  134  7:06  Hydralisk  
  138  7:14  Zergling x8  
  142  7:23  Zergling x2  
  142  7:24  Zergling x10  
  142  7:26  Ravager x5  
  153  7:32  Ravager  
  153  7:34  Zergling x10  
  159  7:38  Ravager  
  159  7:39  Overlord  
  156  7:53  Zergling x14  
  142  8:10  Zergling x4  
  142  8:11  Zergling x12  
  134  8:19  Hydralisk x3  
  124  8:20  Hydralisk x2  
  124  8:26  Roach x4  

Tags
 
Add a new tag
Caveats
  • Supply blocks, unpowered buildings, or Contaminate may cause inaccurate times.
  • Supply counts are checked every 10 seconds.